 Dungeon Sprint DCSS version 0.31-a0-971-g75a2e9a4b4 (webtiles) character file.

Game seed: 12449591110670286293

1891 Conn the Arsonist (level 9, 0/62 HPs)
             Began as an Octopode Fire Elementalist on Oct 28, 2023.
             Was a Believer of Sif Muna.
             Slain by a polar bear (3 damage)
             ... in the Dungeon (Sprint II: "The Violet Keep of Menkaure").
             The game lasted 00:10:37 (684 turns).

Conn the Arsonist (Octopode Fire Elementalist)       Turns: 684, Time: 00:10:38

Health: 0/62       AC:  2    Str:  5 (7)  XL:     9   Next: 15%
Magic:  2/22       EV: 15    Int: 18 (21) God:    Sif Muna [**....]
Gold:   401        SH:  0    Dex: 12 (13) Spells: 13/26 levels left

rFire   . . .        (no weapon)
rCold   . . .        (no shield)
rNeg    . . .        c - +1 hat
rPois   .            (no amulet)
rElec   .            (no ring)
rCorr   .            (no ring)
SInv    .            (no ring)
Will    .....        (no ring)
Stlth   +++++        (no ring)
HPRegen 0.30/turn    (no ring)
MPRegen 0.18/turn    (no ring)
                     (no ring)

%: no teleportation
@: no status effects
A: almost no armour, amphibious, 8 rings, camouflage 1, gelatinous body 1,
nimble swimmer 1, tentacles
a: Renounce Religion, Channel Magic


You were in the Dungeon.
You worshipped Sif Muna.
Sif Muna was pleased with you.
You visited 1 branch You collected 560 gold pieces.
You spent 159 gold pieces at shops.

Inventory:

Armour
 c - a +1 hat (worn)
Scrolls
 f - 4 scrolls of blinking
 i - a scroll of immolation
 n - a scroll of fear
 o - a scroll of vulnerability {unknown}
 p - a scroll of amnesia {unknown}
Potions
 a - 5 potions of magic
 e - 2 potions of lignification
 g - 2 potions of resistance
 h - a potion of might
 k - 4 potions of enlightenment


   Skills:
 * Level 6.2 Fighting
 + Level 5.8 Dodging
 - Level 5.6 Stealth
 + Level 9.0 Spellcasting
 * Level 6.4 Conjurations
 * Level 6.2 Hexes
 + Level 12.1 Fire Magic
 * Level 3.9 Invocations


You had 13 spell levels left.
You knew the following spells:

 Your Spells              Type           Power      Damage    Failure   Level
a - Foxfire               Conj/Fire      100%       2x1d9     1%          1
b - Scorch                Fire           100%       2d9       1%          2
c - Inner Flame           Hex/Fire       41%        N/A       1%          3
d - Flame Wave            Conj/Fire      41%        2d11      1%          4
e - Dazzling Flash        Conj/Hex       62%        N/A       1%          3

Your spell library contained the following spells:

 Spells                   Type           Power      Damage    Failure   Level
 Jinxbite                 Hex            60%        N/A       1%          2
 Volatile Blastmotes      Fire/Tloc      60%        2d15      2%          3
 Apportation              Tloc           16%        N/A       9%          1
 Silence                  Hex/Air        9%         N/A       56%         5
 Agony                    Necr           8%         N/A       94%         5
 Alistair's Intoxication  Tmut/Pois      5%         N/A       94%         5


Dungeon Overview and Level Annotations

Branches:
Dungeon (1/1)

Altars:
Cheibriados
Dithmenos
Elyvilon
Fedhas
Gozag
Hepliaklqana
Kikubaaqudgha
Makhleb
Nemelex Xobeh
Okawaru
Qazlal
Ru
Sif Muna
Trog
Uskayaw
Vehumet
Wu Jian
Xom
Yredelemnul
Zin
The Shining One
Jiyva
Lugonu

Shops:
D ((:=(((!::=[?![

Annotations:
D exclusions: oklob plant and orange crystal statue


Innate Abilities, Weirdness & Mutations

You cannot wear most types of armour.
You are amphibious.
You can wear up to eight rings at the same time.
Your skin changes colour to match your surroundings (Stealth+).
Your rubbery body absorbs attacks. (AC +1, EV +1)
You are camouflaged when in or above water. (Stealth+)
You have tentacles for arms and can constrict up to eight enemies at once.


Message History

Confirm with . or Enter, or press ? or * to list all spells.
Flames lash the hornet.
The hornet is burned terribly!
The hornet buzzes angrily.
The hornet is almost dead.
Unknown command.
Casting: Scorch (safe; 1% risk of failure)
Confirm with . or Enter, or press ? or * to list all spells.
You can't see any susceptible monsters within range! (Use Z to cast anyway.)
Casting: Scorch (safe; 1% risk of failure)
Confirm with . or Enter, or press ? or * to list all spells.
You conjure some foxfire!
Unknown command.
Casting: Foxfire (safe; 1% risk of failure)
Confirm with . or Enter, or press ? or * to list all spells.
Flames lash the hornet.
The hornet is almost dead.
The foxfire hits the hornet!
The hornet is burned terribly!
You kill the hornet!
Sif Muna accepts your kill.
You feel your dexterity returning.
Your Spellcasting skill increases to level 9!
Unknown command.
Unknown command.
Your foxfire dissipates! 2 polar bears come into view.
The polar bear moves out of view.
Casting: Scorch (safe; 1% risk of failure)
Confirm with . or Enter, or press ? or * to list all spells.
Okay, then.
Unknown command.
Unknown command.
The polar bear bites you!
* * * LOW HITPOINT WARNING * * *
The polar bear closely misses you. x2
You feel better. The polar bear bites you.
* * * LOW HITPOINT WARNING * * *
The polar bear claws you.
* * * LOW HITPOINT WARNING * * *
The polar bear claws you.
You die...

#..# #")▓....(..(▓▓ ## #
+.####[=▓..[[(...▓▓ .# ...#
...####▓........▓▓ ## ..## #..#
.#▓...[.[.(▓▓ #..# +..#
.#▓..)(.)..▓▓ # #..# #.^#
.#▓.((([.(.▓▓ +
+..####..##.#▓[.....(.▓▓ #
#....###..h##▓▓▓▓▓▓▓'▓▓▓▓+▓ #
##......~~~~h@~)~~†~~...X≈≈▓
####~~§....~#+########'###.≈≈≈▓
.#~~~~~§~..~#._._._..#~§~##≈≈≈▓
##~~~~~~§~.~#.._._._.#§~≈≈####▓
#~~~≈§§§~~~~#._._._._#§~~~≈#
~~~~~≈§§≈~~~#_._._._.#§§~≈≈≈#
++#~≈§§§§≈≈~#._._._..#§§§§~≈+ ≈
##≈≈≈###§≈#_._._...#§§§§≈~
§≈§##≈§# #≈≈#._._....#~~


You could see 2 polar bears.

Vanquished Creatures
  A merfolk siren (D)
  A yaktaur (D)
  A polar bear (D)
  A hornet (D)
  A vampire mosquito (D)
  Menkaure (D)
  5 water moccasins (D)
  4 scorpions (D)
15 creatures vanquished.

Vanquished Creatures (others)
  41 foxfires (D)
  31 tentacles (D)
72 creatures vanquished.

Grand Total: 87 creatures vanquished

Notes
Turn   | Place    | Note
-------+----------+-------------------------------------------
     0 | D        | Conn the Octopode Fire Elementalist began the quest for the
                  | Orb.
     0 | D        | Reached XP level 1. HP: 11/11 MP: 3/3
     1 | D        | Noticed a scorpion
     1 | D        | Noticed a scorpion
     7 | D        | Killed a scorpion
     8 | D        | Reached skill level 6 in Fire Magic
     8 | D        | Reached XP level 2. HP: 7/17 MP: 3/6
     8 | D        | Reached XP level 3. HP: 9/21 MP: 4/8
    15 | D        | Learned a level 2 spell: Scorch
    19 | D        | Learned a level 3 spell: Inner Flame
    39 | D        | Noticed a scorpion
    39 | D        | Noticed a scorpion
    43 | D        | Killed a scorpion
    43 | D        | Killed a scorpion
    44 | D        | Reached skill level 5 in Stealth
    44 | D        | Reached skill level 8 in Fire Magic
    44 | D        | Reached XP level 4. HP: 15/27 MP: 2/10
    44 | D        | Reached XP level 5. HP: 18/31 MP: 2/12
    50 | D        | Reached skill level 5 in Spellcasting
    50 | D        | Reached skill level 9 in Fire Magic
    50 | D        | Reached XP level 6. HP: 22/36 MP: 0/14
    60 | D        | Learned a level 4 spell: Flame Wave
    77 | D        | Noticed an obsidian statue
    79 | D        | Noticed a water moccasin
    81 | D        | Noticed a water moccasin
    89 | D        | Killed a water moccasin
    94 | D        | Killed a water moccasin
    95 | D        | Reached skill level 5 in Dodging
    95 | D        | Reached skill level 10 in Fire Magic
    97 | D        | Found Alaifroz's Distillery.
    97 | D        | Found Fonem's Antique Armour Emporium.
    98 | D        | Found Juelitro's Antique Armour Emporium.
    98 | D        | Found Sabat's Magic Scroll Shoppe.
    99 | D        | Found Nyenuoh's Book Shoppe.
    99 | D        | Found Nekkec's Jewellery Emporium.
   100 | D        | Found Juin's Book Shoppe.
   101 | D        | Found Osouxkish's Distillery.
   101 | D        | Found Hitryon's Antique Weapon Emporium.
   102 | D        | Found Eclos's Weapon Shoppe.
   102 | D        | Found Kiuqi's Weapon Emporium.
   102 | D        | Noticed a wyvern
   103 | D        | Noticed a wyvern
   105 | D        | Found Eceoshra's Jewellery Shoppe.
   105 | D        | Noticed an oklob plant
   105 | D        | Noticed a black bear
   106 | D        | Found Ujarch Gica's Antique Weapon Shoppe.
   106 | D        | Found Ojodar's Weapon Emporium.
   106 | D        | Found Vuufrir's Book Shoppe.
   106 | D        | Noticed a black bear
   108 | D        | Bought an embroidered hat for 126 gold pieces
   116 | D        | Noticed a black bear
   123 | D        | Bought a potion of lignification for 33 gold pieces
   124 | D        | Noticed a fire dragon
   141 | D        | Noticed a vampire mosquito
   145 | D        | Killed a vampire mosquito
   146 | D        | Reached XP level 7. HP: 33/46 MP: 1/16
   157 | D        | Noticed an orange crystal statue
   157 | D        | Noticed a merfolk siren
   167 | D        | Killed a merfolk siren
   168 | D        | Reached skill level 5 in Conjurations
   168 | D        | Reached skill level 11 in Fire Magic
   168 | D        | Reached XP level 8. HP: 32/54 MP: 13/19
   180 | D        | Found a glowing silver altar of Zin.
   180 | D        | Found a radiant altar of Vehumet.
   181 | D        | Found a glowing golden altar of the Shining One.
   181 | D        | Found a basalt altar of Yredelemnul.
   181 | D        | Found a hide-covered altar of Uskayaw.
   181 | D        | Found a sparkling altar of Nemelex Xobeh.
   182 | D        | Found a shimmering altar of Xom.
   182 | D        | Found a bloodstained altar of Trog.
   182 | D        | Found a burning altar of Makhleb.
   183 | D        | Found an ornate altar of the Wu Jian Council.
   183 | D        | Found a shimmering blue altar of Sif Muna.
   183 | D        | Found a corrupted altar of Lugonu.
   183 | D        | Found a blossoming altar of Fedhas.
   184 | D        | Found a sacrificial altar of Ru.
   184 | D        | Found an ancient bone altar of Kikubaaqudgha.
   184 | D        | Found a white marble altar of Elyvilon.
   185 | D        | Found a stormy altar of Qazlal.
   185 | D        | Found a viscous altar of Jiyva.
   185 | D        | Found a shadowy altar of Dithmenos.
   186 | D        | Found a hazy altar of Hepliaklqana.
   186 | D        | Found a snail-covered altar of Cheibriados.
   189 | D        | Found an opulent altar of Gozag.
   189 | D        | Found an iron altar of Okawaru.
   190 | D        | Noticed Menkaure
   192 | D        | Became a worshipper of Sif Muna the Loreminder
   204 | D        | Noticed a kraken
   208 | D        | Killed Menkaure
   488 | D        | Learned a level 3 spell: Dazzling Flash
   646 | D        | Reached skill level 5 in Hexes
   646 | D        | Reached skill level 1 in Invocations
   646 | D        | Reached * piety under Sif Muna
   647 | D        | Reached skill level 5 in Fighting
   649 | D        | Noticed a polar bear
   656 | D        | Noticed a yaktaur
   664 | D        | Killed a yaktaur
   664 | D        | Killed a polar bear
   665 | D        | Reached skill level 12 in Fire Magic
   665 | D        | Reached XP level 9. HP: 15/62 MP: 9/21
   673 | D        | Noticed a hornet
   678 | D        | Killed a hornet
   678 | D        | Reached ** piety under Sif Muna
   681 | D        | Noticed a polar bear
   681 | D        | Noticed a polar bear
   683 | D        | HP: 3/62 [polar bear (12)]
   684 | D        | Slain by a polar bear

Illustrated notes

Levels and vault maps discovered:
D:        the_violet_keep_of_menkaure [sprint2_stairs_cluster_1,
          sprint2_shoproom, sprint2_temple, sprint2_basic_supplies,
          sprint2_obstacle_4, sprint2_obstacle_7, sprint2_obstacle_3,
          sprint2_obstacle_2, sprint2_obstacle_5, sprint2_timed_cluster_1,
          sprint2_smallroom_cluster_1, sprint2_smallroom_final_cluster_1,
          sprint2_transparent_cluster_1, sprint2_second_timed_cluster_1,
          sprint2_sniper_area_1, sprint2_heavy_combat_area_1,
          sprint2_mutation_trap_area_1, sprint2_forest_area_1,
          sprint2_light_combat_area_1, sprint2_behind_water_1,
          sprint2_near_end_vault_1]

Skill      XL: |  1  2  3  4  5  6  7  8  9 |
---------------+----------------------------+-----
Dodging        | 3 4 5 |  5.8
Stealth        | 4 5 |  5.6
Spellcasting   | 3 4 5 6 7 8 9 |  9.0
Fire Magic     | 6 8 9 10 11 12 | 12.1
Conjurations   | 2 4 5 6 |  6.4
Fighting       | 3 4 6 |  6.2
Hexes          | 3 4 6 |  6.2
Invocations    | 3 |  3.9

Action                     |  1- 3 |  4- 6 |  7- 9 || total
---------------------------+-------+-------+-------++-------
  Melee: Unarmed           |     4 |     7 |       ||    11
         Constrict         |     1 |     2 |       ||     3
         Tentacles         |       |     5 |       ||     5
   Cast: Foxfire           |     1 |     3 |    22 ||    26
         Scorch            |     1 |     6 |    15 ||    22
         Inner Flame       |     1 |       |     5 ||     6
         Dazzling Flash    |       |       |     5 ||     5
         Flame Wave        |       |       |     2 ||     2
 Invoke: Channel Magic     |       |       |     1 ||     1
    Use: Potion            |     2 |       |     9 ||    11
         Scroll            |       |       |     2 ||     2
 Armour: Skin              |     7 |     2 |    33 ||    42
  Dodge: Dodged            |     3 |    11 |     8 ||    22

Table legend: (Time is in decaauts)
 A = Elapsed time spent in this place.
 B = Non-inter-level travel time spent in this place.
 C = Inter-level travel time spent in this place.
 D = Time resting spent in this place.
 E = Time spent auto-exploring this place.
 F = Levels seen in this place.
 G = Mean time per level.
                   A        B        C        D        E       F      G
               +--------+--------+--------+--------+--------+-----+--------+
         Total |    690 |    690 |      0 |    226 |      0 |   1 |  690.0 |
       Dungeon |    690 |    690 |      0 |    226 |      0 |   1 |  690.0 |
               +--------+--------+--------+--------+--------+-----+--------+

Top non-repeatable levels by time:
       D: 690 daAuts
